 Dungeon Crawl Stone Soup version 0.28.0-45-g0d030f2227 (webtiles) character file.

Game seed: 10357510414548011239

119 rageheart7 the Skirmisher (level 4, -3/42 HPs)
             Began as a Draconian Wanderer on Apr 15, 2022.
             Slain by Crazy Yiuf
             ... wielding a +2 quarterstaff of chaos
              (10 damage)
             ... on level 2 of the Dungeon.
             The game lasted 00:03:38 (2561 turns).

rageheart7 the Skirmisher (Draconian Wanderer)      Turns: 2561, Time: 00:03:39

Health: -3/42      AC:  5    Str: 20    XL:     4   Next: 74%
Magic:  7/7        EV: 16    Int:  9    God:
Gold:   68         SH:  0    Dex: 10    Spells: 6/7 levels left

rFire   . . .      SeeInvis .   a - +3 dagger
rCold   . . .      Faith    .   (no shield)
rNeg    . . .      Spirit   .   (armour unavailable)
rPois   .          Reflect  .   h - +0 hat
rElec   .          Harm     .   (no cloak)
rCorr   .          Rampage  .   (no gloves)
Will    .....                   (no boots)
Stlth   +.........              f - amulet of the acrobat
HPRegen 0.14/turn               (no ring)
MPRegen 0.10/turn               (no ring)

@: confused, agile, ambrosia-drunk
A: AC +5, unfitting armour, cold-blooded
a: no special abilities


You were on level 2 of the Dungeon.
You visited 1 branch of the dungeon, and saw 2 of its levels.

You collected 68 gold pieces.

Inventory:

Hand Weapons
 a - a +3 dagger (weapon)
Missiles
 c - 60 stones (quivered)
Armour
 h - a +0 hat (worn)
Jewellery
 f - an amulet of the acrobat (around neck)
Wands
 i - a wand of flame (2)
Scrolls
 e - 3 scrolls of noise {unknown}


   Skills:
 * Level 5.0 Fighting
 - Level 2.6 Throwing
 - Level 1.0 Stealth
 + Level 2.2 Spellcasting
 - Level 2.7 Earth Magic


You had 6 spell levels left.
You knew the following spells:

 Your Spells              Type           Power      Damage    Failure   Level
a - Sandblast             Erth           12%        2d6       11%         1

Your spell library contained the following spells:

 Spells                   Type           Power      Damage    Failure   Level
 Scorch                   Fire           2%         2d5       45%         2
 Stone Arrow              Conj/Erth      6%         3d7       50%         3
 Flame Wave               Conj/Fire      1%         2d4       97%         4
 Summon Cactus Giant      Summ           0%         N/A       100%        6


Dungeon Overview and Level Annotations

Branches:
Dungeon (2/15)

Altars:
Cheibriados

Annotations:
D:2 Crazy Yiuf


Innate Abilities, Weirdness & Mutations

Your plain brown scales are hard. (AC +5)
You cannot fit into any form of body armour.
You are cold-blooded and may be slowed by cold attacks.


Message History

Crazy Yiuf says, "Millenium childish shoe!"
Crazy Yiuf closely misses you.
Throw: 62 stones
Press: ? - help, Q - select action, (/) - cycle Shift-Dir - straight line, f/p - Crazy Yiuf
Aim: Crazy Yiuf, wielding a +2 quarterstaff of chaos and wearing a +2 cloak (63% to hit)
You throw a stone.
The stone hits Crazy Yiuf but does no damage.
Crazy Yiuf closely misses you.
Casting: Sandblast (safe; 11% risk of failure)
Confirm with . or Enter, or press ? or * to list all spells.
Aiming: Sandblast (safe; 11% risk of failure)
Press: ? - help, Shift-Dir - straight line, f/p - Crazy Yiuf
Aim: Crazy Yiuf, wielding a +2 quarterstaff of chaos and wearing a +2 cloak (81% to hit)
The blast of sand hits Crazy Yiuf!
Crazy Yiuf is moderately wounded.
c - 60 stones You feel yourself speed up.
Crazy Yiuf completely misses you.
Crazy Yiuf hits you with a +2 quarterstaff of chaos.
You feel agile all of a sudden.
As you read the scroll labelled ITHATZO KATOG, it crumbles to dust.
It is a scroll of identify.
g - 2 potions of ambrosia Crazy Yiuf hits you with a +2 quarterstaff of chaos.
* * * LOW HITPOINT WARNING * * *
You are electrocuted!
* * * LOW HITPOINT WARNING * * *
You are confused.
You feel invigorated. Crazy Yiuf closely misses you.
You are more confused.
You feel more invigorated.
Crazy Yiuf hits you with a +2 quarterstaff of chaos.
* * * LOW HITPOINT WARNING * * *
Crazy Yiuf burns you.
* * * LOW HITPOINT WARNING * * *
Unknown command.
You miss Crazy Yiuf.
Crazy Yiuf is moderately wounded.
Crazy Yiuf hits you with a +2 quarterstaff of chaos!
You die...

#.......####....#
#.......# #....#
##### ####
#......># ♣....♣
#...# #...
#.).....# ♣♣...♣
#...# ###.
#.......# ♣♣.♣♣
#...# ##
#.......# ♣♣.♣
#...#####
####.......# ♣.♣♣
#.......#
.......##..# ♣♣.♣
####.##.#
#..###.....# ♣@♣♣
####.####### ##.#
#####.# #g#
#........... #.##
#.# ...
#.........). #..#
#.# #...#
###.........
##<### #.# #)(.#
#.........
#...####.# #####
#.........
###.).#..#
###.######
###...####### #.#
###
#....#...#.####
#.# #..


You could see Crazy Yiuf.

Vanquished Creatures
  Natasha (thrice) (D:2)
  An adder (D:2)
  A worm (D:2)
  An endoplasm (D:1)
  6 goblins
  4 hobgoblins
  4 jackals (D:2)
  3 kobolds
  2 quokkas (D:1)
  3 ball pythons
  3 bats
  3 frilled lizards (D:1)
  A rat (D:2)
  A toadstool (D:1)
36 creatures vanquished.

Vanquished Creatures (others)
  3 toadstools (D:1)
3 creatures vanquished.

Grand Total: 39 creatures vanquished

Notes
Turn   | Place    | Note
-------+----------+-------------------------------------------
     0 | D:1      | rageheart7 the Draconian Wanderer began the quest for the
                  | Orb.
     0 | D:1      | rageheart7 set off with the following items: a +3 dagger, 4
                  | curare-tipped darts, 30 stones; and the following spell
                  | memorised: Sandblast; and the following spells available to
                  | memorise: Stone Arrow
     0 | D:1      | Reached XP level 1. HP: 19/19 MP: 2/2
    65 | D:1      | Found a faded altar of an unknown god.
   349 | D:1      | Reached XP level 2. HP: 26/26 MP: 3/3
  1216 | D:2      | Found a runed translucent door.
  1217 | D:2      | Noticed Crazy Yiuf
  1280 | D:2      | Found a snail-covered altar of Cheibriados.
  1357 | D:2      | Reached XP level 3. HP: 15/33 MP: 0/5
  1359 | D:2      | Reached skill level 4 in Fighting
  1879 | D:2      | Noticed Natasha
  1885 | D:2      | Killed Natasha
  1886 | D:2      | Reached XP level 4. HP: 26/41 MP: 2/6
  2067 | D:2      | Noticed Natasha
  2074 | D:2      | Killed Natasha
  2122 | D:2      | Noticed Natasha
  2129 | D:2      | Killed Natasha
  2130 | D:2      | Reached skill level 5 in Fighting
  2558 | D:2      | HP: 1/42 [Crazy Yiuf/+2 quarterstaff of chaos (10)]
  2561 | D:2      | Slain by Crazy Yiuf

Illustrated notes

Levels and vault maps discovered:
D:1:      ldierk_water_garden, layout_loops_corners,
          hellmonk_ecumenical_altar_arch_garden, chequers_jeans,
          minmay_fountain_box
D:2:      layout_rooms, basic_altar, uniq_natasha, uniq_crazy_yiuf_cottage

Skill      XL: |  1  2  3  4 |
---------------+-------------+-----
Fighting       | 4 5 |  5.0
Spellcasting   | 2 |  2.2
Throwing       | |  2.6
Stealth        | |  1.0
Earth Magic    | |  2.7

Action                   |  1- 3 |  4- 6 || total
-------------------------+-------+-------++-------
Melee: Dagger            |    88 |     5 ||    93
       Tailslap          |    12 |     1 ||    13
Throw: Dart              |       |     5 ||     5
       Stone             |       |     1 ||     1
 Cast: Sandblast         |     9 |     2 ||    11
  Use: Potion            |       |     2 ||     2
       Scroll            |       |     1 ||     1
 Stab: Sleeping          |     2 |       ||     2
Armor: Skin              |    17 |       ||    17
Dodge: Dodged            |    58 |     7 ||    65
